cohdb
Replays
Latest Replays
All Replays
Popular Replays
Top Player Replays
Match Explorer
How It Works
Community
CoH3 Stats
Reddit
Sign in to upload your games and track your stats! →
Sign in with Steam
Match 20150516
Unlisted
Match 20150516
Overview
Messages
Build Orders
End
Construct Section Command Post
Vickers Machine Gun Team
Infantry Section
Vickers Machine Gun Team
Infantry Section
Construct Field Infirmary
Selects Indian Artillery Battlegroup
Selects Towed ML 4.2-inch Heavy Mortar
Towed ML 4.2-inch Heavy Mortar
Infantry Section
Selects Off-map Airburst Barrage
Construct Platoon Command Post
Selects Valour
Selects Gurkha Rifles Section
6-pounder Anti-tank Gun Team
Gurkha Rifles Section
Construct Company Command Post
Gurkha Rifles Section
Crusader II Medium Tank
Crusader II Medium Tank
Foot Guards Section
Molin
(CB7) (DU)(7-4-7)(B0iz)
B.R.A.S
MonoChrome
0
0
Comments
sign in to comment!
No comments posted yet!